 Dungeon Crawl Stone Soup version 0.18-a0-977-ge0e037f (webtiles) character file.

39 Oddball22 the Stinger (level 3, -1/21 HPs)
             Began as an Octopode Venom Mage on Jan 4, 2016.
             Slain by a kobold
             ... wielding a +2 short sword of draining
              (5 damage)
             ... on level 2 of the Dungeon.
             The game lasted 00:02:58 (1250 turns).

Oddball22 the Stinger (Octopode Venom Mage)         Turns: 1250, Time: 00:02:58

Health: -1/21      AC:  1    Str:  7    XL:     3   Next: 47%
Magic:  6/6        EV: 12    Int: 18    God:
Gold:   23         SH:  0    Dex: 12    Spells: 3 memorised, 0 levels left

rFire  + . .     SeeInvis .     (no weapon)
rCold  x . .     Gourm    .     (no shield)
rNeg   . . .     Faith    .     (helmet restricted)
rPois  .         Spirit   .     (no amulet)
rElec  .         Dismiss  .     c - ring of fire
rCorr  .         Reflect  .     (no ring)
SustAt .         Harm     .     (no ring)
MR     .....                    (no ring)
Stlth  ++++......               (no ring)
                                (no ring)
                                (no ring)
                                (no ring)

@: not resistant to hostile enchantments, stealthy
A: almost no armour, amphibious, 8 rings, constrict 8, camouflage 1, gelatinous
body 1
a: no special abilities


You were on level 2 of the Dungeon.
You were very hungry.

You visited 1 branch of the dungeon, and saw 2 of its levels.

You collected 23 gold pieces.

Inventory:

Jewellery
 c - a ring of fire (left tentacle)
Scrolls
 g - a scroll of identify {unknown}
 i - 3 scrolls of enchant armour {unknown}
 j - a scroll of remove curse {unknown}
Potions
 e - a potion of curing {unknown}
 h - a potion of lignification {unknown}
 k - 2 potions of mutation {unknown}
Books
 a - a Young Poisoner's Handbook

   Spells                             Type                      Level
   a - Sting                          Conjuration/Poison           1
   b - Cure Poison                    Poison                       2
   c - Mephitic Cloud                 Conjuration/Poison/Air       3
   d - Olgreb's Toxic Radiance        Poison                       4
   e - Venom Bolt                     Conjuration/Poison           5
Comestibles
 b - 3 bread rations
 d - a slice of pizza
 f - a meat ration


   Skills:
 + Level 2.2 Dodging
 + Level 3.6 Stealth
 + Level 2.4 Spellcasting
 * Level 5.3 Poison Magic


You couldn't memorise any spells.
You knew the following spells:

 Your Spells              Type           Power        Failure   Level  Hunger
a - Sting                 Conj/Pois      ##..         8%          1    #......
b - Cure Poison           Pois           ###.......   3%          2    ##.....
c - Mephitic Cloud        Conj/Pois/Air  #.......     30%         3    ###....


Dungeon Overview and Level Annotations

Branches:
Dungeon (2/15)

Altars:
Qazlal


Innate Abilities, Weirdness & Mutations

You cannot wear most types of armour.
You are amphibious.
You can wear up to eight rings at the same time.
You can use your tentacles to constrict eight enemies at once.
Your skin changes colour to match your surroundings (Stealth).
Your rubbery body absorbs attacks (AC +1).


Message History

The kobold throws a stone.
The stone barely misses you.
The kobold throws a stone.
The stone barely misses you.
The kobold throws a stone.
The stone hits you.
You see here a stone.
A quokka comes into view.
The kobold throws a stone.
The stone hits you.
You see here a stone.
You closely miss the kobold. You grab the kobold. You squeeze the kobold.
The kobold is severely wounded.
You constrict the kobold.
You kill the kobold!
The kobold throws a stone.
The stone barely misses you.
You barely miss the quokka. Your grab misses the quokka.
The quokka completely misses you.
You barely miss the quokka. You grab the quokka.
You constrict the quokka, but do no damage.
The quokka bites you.
* * * LOW HITPOINT WARNING * * *
The kobold hits you with a short sword of draining.
You die...

#.....#(#+#+######+####
#.(.........
#((.......# #...?.....#
#.[.......#
#...).....##.. .#
#...(....!... .###
#..>.(.K.##. ...#
#...[#@...# ...#
#....#r##.# ...#
######.# .+ ...# #.#
###..?###) #.#
#.<....... #.#
..g....### ...
...#+#.... #.. #... #..


You could see a quokka and a kobold.

Vanquished Creatures
  An ooze (D:2)
  2 giant geckos
  3 bats (D:1)
  A giant cockroach (D:2)
  9 goblins
  5 hobgoblins (D:1)
  2 kobolds
  3 giant newts (D:1)
  4 rats (D:1)
30 creatures vanquished.

Notes
Turn   | Place    | Note
--------------------------------------------------------------
     0 | D:1      | Oddball22 the Octopode Venom Mage began the quest for the Orb.
     0 | D:1      | Reached XP level 1. HP: 11/11 MP: 3/3
    55 | D:1      | Reached skill level 5 in Poison Magic
   229 | D:1      | Reached XP level 2. HP: 13/17 MP: 5/5
   776 | D:1      | Learned a level 2 spell: Cure Poison
   905 | D:1      | Reached XP level 3. HP: 16/21 MP: 6/6
   971 | D:1      | Learned a level 3 spell: Mephitic Cloud
  1127 | D:2      | Found a stormy altar of Qazlal.
  1250 | D:2      | Slain by a kobold

Vault maps used:
D:1:      dpeg_arrival_chambers_temple_mockup, minivault_25
D:2:      kennysheep_goblin_castle, overflow_temple_1_default

Action                   || total
-------------------------++-------
Melee: Unarmed           ||    84
 Cast: Sting             ||     3
 Stab: Sleeping          ||    12
